 Dungeon Crawl Stone Soup version 0.31-a0-229-g1fc7ce93e2 (webtiles) character file.

Game seed: 11792107237587058195

38 qw the Shooter (level 3, -3/21 HPs)
             Began as a Gargoyle Hexslinger on July 6, 2023.
             Frozen to death by an endoplasm (5 damage)
             ... on level 2 of the Dungeon.
             The game lasted 00:00:21 (718 turns).

qw the Shooter (Gargoyle Hexslinger)                 Turns: 718, Time: 00:00:22

Health: -3/21      AC:  8    Str: 11    XL:     3   Next: 43%
Magic:  4/4        EV: 10    Int: 13    God:
Gold:   57         SH:  0    Dex: 14    Spells: 3/4 levels left

rFire   . . .        Y - +1 sling (freeze)
rCold   . . .        (no shield)
rNeg    + . .        f - +0 ring mail
rPois   inf          (no helmet)
rElec   +            (no cloak)
rCorr   .            (no gloves)
SInv    .            (no boots)
Will    .....        (no amulet)
Stlth   +            (no ring)
HPRegen 0.23/turn    (no ring)
MPRegen 0.09/turn

%: no passive effects
@: no status effects
A: sickness immunity, AC +3, negative energy resistance 1, electricity
resistance, torment resistance 1, petrification resistance
a: no special abilities


You were on level 2 of the Dungeon.
You visited 1 branch of the dungeon, and saw 2 of its levels.

You collected 57 gold pieces.


Innate Abilities, Weirdness & Mutations

You are immune to sickness and miasma.
Your stone body is resilient. (AC +3)
You are immune to poison.
You resist negative energy. (rN+)
You are resistant to electric shocks. (rElec)
You are resistant to unholy torment.
You are immune to petrification.


   Skills:
 - Level 2.0 Fighting
 + Level 3.3 Ranged Weapons
 - Level 1.5 Dodging
 - Level 1.0 Spellcasting
 - Level 2.6 Hexes


You had 3 spell levels left.
You knew the following spells:

 Your Spells              Type           Power      Damage    Failure   Level
a - Slow                  Hex            28%        N/A       22%         1

Your spell library contained the following spells:

 Spells                   Type           Power      Damage    Failure   Level
 Inner Flame              Hex/Fire       4%         N/A       75%         3
 Portal Projectile        Hex/Tloc       8%         N/A       75%         3
 Cause Fear               Hex            3%         N/A       92%         4

Inventory:

Hand Weapons
 Y - a +1 sling of freezing (weapon)
Armour
 f - a +0 ring mail (worn)
Scrolls
 a - 3 scrolls of identify
Potions
 b - a potion of lignification {unknown}
 d - a potion of haste

Dungeon Overview and Level Annotations

Branches:
Dungeon (2/15)

Altars:


Message History

The endoplasm hits you but does no damage.
The frilled lizard bites you but does no damage.
You shoot a sling bullet.
The sling bullet misses the frilled lizard.
The endoplasm freezes you.
You are frozen.
The frilled lizard bites you but does no damage.
You shoot a sling bullet.
The sling bullet hits the frilled lizard.
The frilled lizard seems to slow down.
The sling bullet freezes the frilled lizard.
You kill the frilled lizard!
The endoplasm hits you but does no damage.
The endoplasm barely misses you. The ball python bites you.
The ball python grabs you. The ball python constricts you.
You shoot a sling bullet.
The sling bullet closely misses the ball python.
The ball python bites you. The ball python constricts you.
The endoplasm barely misses you.
You shoot a sling bullet. The sling bullet hits the ball python.
The ball python seems to slow down.
The sling bullet freezes the ball python.
The ball python is severely wounded.
The endoplasm hits you but does no damage.
The ball python bites you but does no damage.
The ball python constricts you.
You shoot a sling bullet.
The sling bullet barely misses the ball python.
The ball python is no longer moving slowly.
The endoplasm completely misses you.
The ball python bites you but does no damage.
The ball python constricts you. The endoplasm freezes you.
You are frozen.
You shoot a sling bullet. The sling bullet hits the ball python!
The sling bullet freezes the ball python.
You kill the ball python!
The endoplasm freezes you.
You are frozen.
You die...

### ..#####.######.
...............
##@######.. #..J.......
#..######.# # #..# # ..#
#..## .# .. ..#
##...#####.# #. ...
####..........### #.
###.###................
#.##...............~..~.~.


You could see an endoplasm.

Vanquished Creatures
  An adder (D:2)
  A worm (D:2)
  A dart slug (D:1)
  A bat (D:1)
  5 endoplasms
  A goblin (D:1)
  2 jackals (D:1)
  A kobold (D:1)
  2 quokkas (D:1)
  2 ball pythons
  4 frilled lizards
  3 rats (D:1)
24 creatures vanquished.

Notes
Turn   | Place    | Note
-------+----------+-------------------------------------------
     0 | D:1      | qw the Gargoyle Hexslinger began the quest for the Orb.
     0 | D:1      | Reached XP level 1. HP: 12/12 MP: 2/2
     0 | D:1      | 0 ||| qw: Version: 0.3-a-46-gb1f654a
     0 | D:1      | 0 ||| qw: Game counter: 1698
     0 | D:1      | 0 ||| qw: Melee chars always use a shield: true
     0 | D:1      | 0 ||| qw: God list: Okawaru
     0 | D:1      | 0 ||| qw: Allow faded altars: false
     0 | D:1      | 0 ||| qw: Do Orc after clearing Dungeon:15 true
     0 | D:1      | 0 ||| qw: Do second Lair branch before Depths: true
     0 | D:1      | 0 ||| qw: Lair rune preference: random
     0 | D:1      | 0 ||| qw: Goals: Normal
     0 | D:1      | 0 ||| PLANNING D:1-11
    81 | D:1      | Reached XP level 2. HP: 16/16 MP: 3/3
   158 | D:1      | Reached skill level 3 in Ranged Weapons
   575 | D:1      | 575 ||| UPGRADING to +0 ring mail.
   585 | D:1      | 585 ||| DROPPING +0 robe.
   586 | D:1      | 586 ||| READING 4 scrolls labelled GAMUFRI GUNK.
   587 | D:1      | 587 ||| READING scroll labelled ILABUK SY KIUSSENT.
   588 | D:1      | 588 ||| READING scroll labelled RESMYR IHESEAN.
   589 | D:1      | 589 ||| READING scroll labelled VUFYSU JILULAU.
   590 | D:1      | 590 ||| READING scroll labelled PIMUTAISAH.
   591 | D:1      | 591 ||| READING 3 scrolls of identify.
   591 | D:1      | 591 ||| IDENTIFYING blue potion
   592 | D:1      | 592 ||| DROPPING scroll of poison.
   653 | D:2      | Reached XP level 3. HP: 21/21 MP: 4/4
   683 | D:2      | Found a faded altar of an unknown god.
   714 | D:2      | HP: 5/21 [constriction (1)]
   717 | D:2      | HP: 2/21 [frozen (3)]
   718 | D:2      | Frozen to death by an endoplasm

Levels and vault maps discovered:
D:1:      dpeg_arrival_pits, layout_basic
D:2:      layout_loops_ring, chequers_ecumenical_altar_island, serial_shops,
          shop, minmay_misc_feat_chi, nrook_loot_triangle, minivault_19

Skill      XL: |  1  2 |
---------------+-------+-----
Ranged Weapons | 3 |  3.3
Fighting       | 2 |  2.0
Dodging        | |  1.5
Spellcasting   | |  1.0
Hexes          | |  2.6

Action                     || total
---------------------------++-------
   Fire: Sling             ||    90
    Use: Scroll            ||     6
 Armour: Robe              ||    10
         Ring mail         ||    18
  Dodge: Dodged            ||    34

Table legend:
 A = Non-vault XP
 B = Vault XP
 C = Vault XP percentage of total XP
 D = Non-vault monster count
 E = Vault monster count
 F = Vault count percentage of total count
                 A         B        C        D         E       F
            +---------+---------+-------+---------+---------+-------
      Total |      57 |       0 |   0.0 |      24 |       0 |   0.0
            +---------+---------+-------+---------+---------+-------
        D:1 |      33 |       0 |   0.0 |      19 |       0 |   0.0
        D:2 |      24 |       0 |   0.0 |       5 |       0 |   0.0
            +---------+---------+-------+---------+---------+-------
